AoeStats
← hirax34

Arena

510354721Analyzed
4v4 RM · 24h ago on Sep 30, 2026· 45m 11s· 8 players
Game mode
Random Map
Map size
Large (8 player)
Population
200
Speed
Normal
Resources
Standard
Victory
Conquest
Starting age
Dark Age
Ending age
Imperial Age
RankedLock teamsTeams togetherTeam positionsShared explorationLock speedFull tech treeHidden civsTurbo modeCheats
Victory
Defeat
🇨🇳 Bohemians · China
1431
+13
🇹🇷 Mongols · Türkiye
1383
+15
1377
+15
🇪🇸 Burgundians · Spain
1359
+16
🇬🇧 Saxons · United Kingdom
1412
-16
🇫🇷 Wei · France
1381
-15
🇹🇷 Franks · Türkiye
1341
-14
🇨🇴 Varangians · Colombia
1336
-14
DK_Grunchito
7:29 Double-Bit Axe
7:27 Horse Collar
11:00 Feudal Age
14:34 Castle Age
14:21 Bow Saw
14:00 Horse Collar
15:21 Wheelbarrow
17:58 Two-Man Saw
18:13 Heavy Plow
20:47 Stone Mining
20:59 Loom
21:33 Hand Cart
23:05 Gold Mining
24:03 Crop Rotation
25:01 Gold Shaft Mining
28:56 Imperial Age
27:27 Town Watch
28:32 Stone Shaft Mining
29:37 Scale Mail Armor
29:47 Forging
30:59 Chemistry
30:01 Murder Holes
29:59 Pikeman
30:40 Squires
30:25 Arson
31:02 Chain Mail Armor
30:52 Halberdier
32:00 Conscription
31:59 Burgundian Vineyards
32:48 Plate Mail Armor
32:54 Iron Casting
37:56 Coinage
38:29 Blast Furnace
39:55 Sappers
41:12 Hoardings
41:37 Cavalier
42:19 Husbandry
42:54 Paladin
45:15 Scale Barding Armor
Lucky7
9:57 Feudal Age
11:22 Double-Bit Axe
13:38 Castle Age
11:41 Horse Collar
13:53 Wheelbarrow
15:20 Bow Saw
20:50 Heavy Plow
22:43 Gold Mining
22:54 Stone Mining
28:34 Imperial Age
26:37 Fletching
27:06 Hand Cart
26:36 Loom
26:37 Town Watch
27:19 Bodkin Arrow
28:54 Padded Archer Armor
29:36 Bracer
29:52 Leather Archer Armor
30:01 Ballistics
30:49 Conscription
30:51 Husbandry
31:01 Bloodlines
32:01 Chemistry
31:49 Siege Engineers
31:17 Heavy Camel Rider
32:23 Scale Barding Armor
32:28 Forging
33:52 Chain Barding Armor
34:54 Iron Casting
35:50 Elite Mangudai
37:50 Blast Furnace
40:37 Gold Shaft Mining
超级小豪
10:55 Feudal Age
11:39 Double-Bit Axe
14:30 Castle Age
13:00 Horse Collar
16:21 Fervor
17:00 Bow Saw
16:56 Loom
20:39 Wheelbarrow
21:01 Heavy Plow
26:29 Imperial Age
24:47 Scale Mail Armor
25:51 Chemistry
25:39 Hand Cart
26:27 Chain Mail Armor
27:17 Forging
28:24 Two-Man Saw
27:34 Siege Engineers
27:34 Loom
29:11 Loom
29:58 Padded Archer Armor
31:39 Wagenburg Tactics
32:24 Pikeman
33:05 Squires
35:07 Houfnice
37:49 Plate Mail Armor
37:37 Leather Archer Armor
37:07 Halberdier
40:09 Conscription
41:03 Iron Casting
havnt played for half year
9:54 Feudal Age
13:39 Castle Age
11:50 Double-Bit Axe
12:07 Horse Collar
15:30 Wheelbarrow
21:00 Loom
21:52 Bow Saw
22:54 Hand Cart
23:16 Stone Mining
23:35 Heavy Plow
28:09 Imperial Age
27:09 Scale Mail Armor
27:19 Forging
28:18 Chain Mail Armor
28:12 Gold Mining
27:50 Pikeman
28:33 Squires
28:33 Halberdier
29:05 Onager
31:25 Plate Mail Armor
32:48 Conscription
32:13 Northmen's Fury
33:03 Siege Engineers
34:05 Siege Onager
35:23 Iron Casting
35:27 Hamask
37:09 Blast Furnace
37:50 Guard Tower
37:52 Fletching
38:13 Masonry
38:17 Arson
39:37 Keep
39:24 Ballistics
39:00 Bodkin Arrow
41:33 Bracer
41:21 Arrowslits
41:31 Murder Holes
jaimeerp
9:46 Feudal Age
9:02 Loom
10:37 Loom
13:38 Castle Age
12:37 Double-Bit Axe
12:33 Horse Collar
15:57 Bow Saw
16:28 Heavy Plow
22:35 Wheelbarrow
23:33 Gold Mining
24:21 Hand Cart
25:02 Stone Mining
30:49 Imperial Age
30:03 Stone Shaft Mining
29:36 Scale Barding Armor
29:41 Forging
31:05 Chain Barding Armor
30:14 Vendel Legacy
31:08 Bloodlines
31:00 Husbandry
31:47 Iron Casting
31:18 Cavalier
33:17 Plate Barding Armor
33:33 Conscription
35:12 Blast Furnace
36:16 Elite Varangian Guard
36:57 Squires
36:43 Gambesons
36:43 Arson
37:12 Scale Mail Armor
39:27 Chain Mail Armor
39:28 Gothikon
41:37 Plate Mail Armor
lefournion
10:47 Feudal Age
14:54 Castle Age
12:54 Double-Bit Axe
13:13 Horse Collar
14:06 Gold Mining
15:40 Heavy Plow
16:07 Bow Saw
19:22 Wheelbarrow
21:59 Scale Barding Armor
22:34 Bloodlines
23:02 Forging
23:41 Hand Cart
24:21 Chain Barding Armor
26:43 Iron Casting
31:29 Husbandry
36:49 Imperial Age
38:47 Blast Furnace
38:34 Crop Rotation
38:02 Heavy Hei Guang Cavalry
docsparkles
10:54 Feudal Age
14:36 Castle Age
13:04 Double-Bit Axe
13:14 Horse Collar
15:38 Heavy Plow
18:55 Loom
21:49 Wheelbarrow
24:17 Fletching
24:28 Padded Archer Armor
24:47 Bow Saw
28:15 Imperial Age
26:21 Hand Cart
27:25 Ballistics
26:54 Town Watch
27:17 Bodkin Arrow
27:41 Scale Mail Armor
27:52 Forging
27:57 Gold Mining
28:01 Stone Mining
27:54 Pikeman
28:30 Gambesons
28:45 Squires
28:31 Arson
29:05 Chain Mail Armor
29:52 Conscription
29:54 Town Patrol
29:57 Bracer
31:36 Chemistry
30:48 Masonry
30:53 Crossbowman
31:49 Arbalester
32:01 Elite Skirmisher
33:10 Leather Archer Armor
33:32 Iron Casting
33:30 Thumb Ring
36:35 Shield Wall
42:26 Two-Man Saw
hirax34
10:31 Feudal Age
14:36 Castle Age
12:30 Double-Bit Axe
15:44 Bow Saw
20:26 Wheelbarrow
21:06 Gold Mining
22:53 Gold Shaft Mining
23:25 Loom
27:26 Imperial Age
26:07 Hand Cart
26:22 Scale Barding Armor
26:28 Forging
27:25 Chain Barding Armor
27:24 Husbandry
27:47 Cavalier
29:13 Iron Casting
28:30 Town Watch
29:57 Conscription
29:36 Paladin
31:25 Plate Barding Armor
32:41 Chemistry
32:21 Siege Engineers
34:41 Blast Furnace
36:41 Scale Mail Armor
36:55 Pikeman
37:36 Squires
37:53 Chain Mail Armor
37:39 Halberdier
40:18 Plate Mail Armor
42:47 Padded Archer Armor
44:04 Leather Archer Armor
Connection lost

Rejoining the realm…

Still unreachable

The connection could not be restored.

Session expired

The server has moved on; the page needs a fresh start.